 Dungeon Crawl Stone Soup version 0.21-a0-110-g8e1637b (webtiles) character file.

74 azrac the Chopper (level 4, -2/40 HPs)
             Began as a Minotaur Berserker on July 7, 2017.
             Was a Believer of Trog.
             Killed from afar by Ijyb (12 damage)
             ... with a wand of acid (?/15)
             ... on level 3 of the Dungeon.
             The game lasted 00:14:47 (1925 turns).

azrac the Chopper (Minotaur Berserker)              Turns: 1925, Time: 00:14:48

Health: -2/40      AC:  9    Str: 23    XL:     4   Next: 10%
Magic:  3/3        EV:  9    Int:  4    God:    Trog [**....]
Gold:   110        SH:  0    Dex:  9    Spells: 3/3 levels left

rFire    . . .     SeeInvis .   a - +0 hand axe
rCold    . . .     Gourm    .   (no shield)
rNeg     . . .     Faith    .   o - +0 chain mail
rPois    .         Spirit   .   (helmet restricted)
rElec    .         Reflect  .   (no cloak)
rCorr    .         Harm     .   (no gloves)
MR       .....                  (no boots)
Stlth    ..........             (no amulet)
HPRegen  0.13/turn              (no ring)
MPRegen  0.08/turn              (no ring)

@: no status effects
A: retaliatory headbutt, horns 2
a: Berserk, Trog's Hand, Burn Spellbooks, Renounce Religion


You were on level 3 of the Dungeon.
You worshipped Trog.
Trog was pleased with you.
You were not hungry.

You visited 1 branch of the dungeon, and saw 3 of its levels.

You collected 110 gold pieces.

Inventory:

Hand Weapons
 a - a +0 hand axe (weapon)
Missiles
 m - a throwing net (quivered)
Armour
 o - a +0 chain mail (worn)
Wands
 b - a wand of flame (31/48)
Scrolls
 d - a scroll of remove curse
 g - a scroll of identify
 l - a scroll of enchant armour {unknown}
 p - a scroll of blinking {unknown}
 q - a scroll of fog {unknown}
 r - a scroll of immolation {unknown}
Potions
 e - a potion of degeneration {unknown}
 h - a potion of invisibility
 k - a potion of curing {unknown}
 s - a potion of resistance
 t - a potion of haste
Comestibles
 c - 2 bread rations
 f - 3 chunks of flesh
 j - 3 fruits
 n - a royal jelly


   Skills:
 + Level 4.1 Fighting
 * Level 4.9 Axes
 + Level 2.9 Armour
 + Level 3.0 Dodging


You had 3 spell levels left.
You didn't know any spells.

Dungeon Overview and Level Annotations

Branches:
Dungeon (3/15)

Altars:

Annotations:
D:3 Ijyb


Innate Abilities, Weirdness & Mutations

You reflexively headbutt those who attack you in melee.
You have a pair of horns on your head.


Message History

You hit the worm.
The worm is heavily wounded.
The worm bites you but does no damage.
You hit the worm. You headbutt the worm.
You kill the worm!
Trog accepts your kill.
You see here a worm corpse.
You butcher the worm corpse.
f - 3 chunks of flesh Ijyb the Twisted Goblin comes into view.
She is wielding a dagger.
Ijyb shouts!
Ijyb drinks a potion.
Ijyb seems to speed up.
Ijyb zaps a wand.
The bolt of acid hits you!
Ouch! That really hurt!
You are splashed with acid!
The acid burns!
* * * LOW HITPOINT WARNING * * *
It is a wand of acid (?/15).
Found 14 bolts.
Ijyb zaps a wand.
The bolt of acid hits you!
You die...

#.#.# #.#.##
#.#..####.##
#...........
#..#.####.##
#######
#..........#
....).#
#.###.###..#
)...#.# #.#
#.##
....#.######.#
#@.#
....#........#
##.#
##.###########
#..# #.# ##g#
##.## .# ....#
.# ....# .#
....# (# ....#
..


You could see Ijyb.

Vanquished Creatures
  Jessica (D:2)
  An ooze (D:2)
  A worm (D:3)
  A dart slug (D:2)
  A leopard gecko (D:1)
  5 bats
  4 giant cockroaches
  6 goblins
  2 hobgoblins
  2 ball pythons
  4 frilled lizards
  5 kobolds
  4 rats (D:1)
37 creatures vanquished.

Notes
Turn   | Place    | Note
-------+----------+-------------------------------------------
     0 | D:1      | azrac the Minotaur Berserker began the quest for the Orb.
     0 | D:1      | Reached XP level 1. HP: 19/19 MP: 0/0
   283 | D:1      | Reached XP level 2. HP: 27/27 MP: 1/1
   909 | D:2      | Reached ** piety under Trog
   941 | D:2      | Noticed Jessica
   946 | D:2      | Killed Jessica
   946 | D:2      | Reached XP level 3. HP: 33/33 MP: 2/2
  1794 | D:3      | Reached XP level 4. HP: 40/40 MP: 3/3
  1921 | D:3      | Noticed Ijyb
  1925 | D:3      | Killed from afar by Ijyb

Vault maps used:
D:1:      lordsloth_arrival_two_stooges, minmay_cut_off
D:2:      uniq_jessica
D:3:      uniq_ijyb

Skill      XL: |  1  2  3 |
---------------+----------+-----
Axes           | 4 |  4.9
Fighting       | 4 |  4.1
Dodging        | 3 |  3.0
Armour         | |  2.9

Action                   |  1- 3 |  4- 6 || total
-------------------------+-------+-------++-------
Melee: Hand axe          |    80 |    12 ||    92
       Headbutt          |     5 |     2 ||     7
Invok: Berserk           |     1 |       ||     1
  Use: Scroll            |     5 |       ||     5
  Eat: Chunk             |     3 |     1 ||     4
Armor: Animal skin       |     5 |       ||     5
       Scale mail        |    14 |       ||    14
       Leather armour    |     7 |       ||     7
       Chain mail        |     8 |     6 ||    14
Dodge: Dodged            |    52 |     2 ||    54
